 Dungeon Crawl Stone Soup version 0.32-a0-886-g41c5271027 (webtiles) character file.

Game seed: 562854402782285944

99281 Biggs the Marksgoblin (level 16, -7/136 HPs)
             Began as a Coglin Hunter on Apr 2, 2024.
             Was the Champion of Okawaru.
             Mangled by a spriggan rider
             ... wielding a +0 spear
              (17 damage)
             ... on level 3 of the Swamp.
             The game lasted 00:40:43 (18200 turns).

Biggs the Marksgoblin (Coglin Hunter)              Turns: 18200, Time: 00:40:44

Health: -7/136     AC: 13    Str: 12    XL:     16   Next: 24%
Magic:  22/22      EV: 21    Int: 10    God:    Okawaru [******]
Gold:   481        SH:  0    Dex: 29    Spells: 15/15 levels left

rFire   + . .        G - +4 hand cannon "Fagoptub" {penet, ^Contam rF+ Dex+5}
rCold   . . .        a - +2 sling {Yan}
rNeg    . . .        c - +3 troll leather armour
rPois   +            o - +0 helmet
rElec   .            (no cloak)
rCorr   +            d - +2 pair of gloves {infuse}
SInv    .            m - +2 pair of boots
Will    +....        (amulet unavailable)
Stlth   +            (ring unavailable)
HPRegen 2.02/turn    (ring unavailable)
MPRegen 0.58/turn    L - dynamic samoflange {rPois Regen+ RegenMP+ rCorr Slay+3}

%: infuse magic (1 MP)
@: about to teleport, very slow
A: off-hand wielding, slow wielding, warmup strikes, no jewellery
a: Renounce Religion, Heroism, Finesse, Duel


You were on level 3 of the Swamp.
You worshipped Okawaru.
Okawaru was exalted by your worship.
You visited 5 branches of the dungeon, and saw 22 of its levels.
You also visited: Sewer.

You collected 2155 gold pieces.
You spent 1674 gold pieces at shops.

Inventory:

Hand Weapons
 a - a +2 sling (offhand) {Yan}
 G - the +4 hand cannon "Fagoptub" (weapon) {penet, ^Contam rF+ Dex+5}
   (Okawaru gifted it to you on level 1 of the Lair of Beasts)

   Dex+5:     It affects your dexterity (+5).
   rF+:       It protects you from fire.
   ^Contam:   It causes magical contamination when unequipped.
Missiles
 u - 5 throwing nets
Armour
 c - a +3 troll leather armour (worn)
 d - a +2 pair of gloves of infusion (worn)
 m - a +2 pair of boots (worn)
 o - a +0 helmet (worn)
 p - the +2 robe of Weightlessness {Fly rElec Regen+}
   (Okawaru gifted it to you on level 1 of the Lair of Beasts)

   rElec:     It insulates you from electricity.
   Fly:       It grants you flight.
   Regen+:    It increases your rate of health regeneration.
Gizmo
 L - a dynamic samoflange (installed) {rPois Regen+ RegenMP+ rCorr Slay+3}
   (You invented it yourself on level 5 of the Lair of Beasts)

   [dynamic samoflange]

   Slay+3:    It affects your accuracy & damage with ranged weapons and melee
   (+3).
   rPois:     It protects you from poison.
   Regen+:    It increases your rate of health regeneration.
   rCorr:     It protects you from acid and corrosion.
   RegenMP+:  It increases your rate of magic regeneration.
Talismans
 N - a talisman of death
Wands
 l - a wand of mindburst (17)
 s - a wand of roots (9)
 C - a wand of flame (51)
 E - a wand of polymorph (8)
Scrolls
 j - 4 scrolls of fear
 n - 7 scrolls of poison
 r - 2 scrolls of teleportation
 t - 2 scrolls of fog
 w - 5 scrolls of revelation
 y - 3 scrolls of silence
 z - 2 scrolls of torment
 B - a scroll of brand weapon
 D - 4 scrolls of enchant weapon
 H - 2 scrolls of amnesia
 J - 4 scrolls of identify
Potions
 b - a potion of cancellation
 e - 9 potions of curing
 f - 6 potions of heal wounds
 h - 3 potions of lignification
 i - 6 potions of enlightenment
 k - 4 potions of brilliance
 q - 4 potions of mutation {unknown}
 v - a potion of magic {unknown}
 x - 2 potions of attraction {unknown}
 A - a potion of berserk rage {unknown}
 F - 2 potions of might {unknown}
 I - 2 potions of degeneration {unknown}
 K - 2 potions of invisibility {unknown}
 M - 2 potions of haste


   Skills:
 - Level 15.2 Fighting
 - Level 18.0 Ranged Weapons
 + Level 10.7 Dodging
 - Level 0.7 Stealth
 - Level 8.0 Invocations
 - Level 5.0 Evocations


You had 15 spell levels left.
You didn't know any spells.
Your spell library contained the following spells:

 Spells                   Type           Power      Damage    Failure   Level
 Magic Dart               Conj           0%         1d3       43%         1
 Blink                    Tloc           0%         N/A       58%         2
 Cigotuvi's Dreadful Rot  Necr/Alch/Air  0%         N/A       58%         2
 Ensorcelled Hibernation  Hex/Ice        0%         N/A       58%         2
 Dazzling Flash           Conj/Hex       0%         N/A       82%         3
 Fugue of the Fallen      Necr           0%         N/A       82%         3
 Inner Flame              Hex/Fire       0%         N/A       82%         3
 Anguish                  Hex/Necr       0%         N/A       99%         4
 Cause Fear               Hex            0%         N/A       99%         4
 Dispel Undead            Necr           0%         3d6       99%         4
 Flame Wave               Conj/Fire      0%         2d4       99%         4
 Leda's Liquefaction      Alch/Erth      0%         N/A       99%         4
 Petrify                  Alch/Erth      0%         N/A       99%         4
 Sticky Flame             Fire/Alch      0%         2d4       99%         4
 Fireball                 Conj/Fire      0%         3d3       100%        5
 Metabolic Englaciation   Hex/Ice        0%         N/A       100%        5
 Eringya's Noxious Bog    Alch           0%         4d6       100%        6
 Starburst                Conj/Fire      0%         6d3       100%        6
 Maxwell's Capacitive Co  Air            0%         ∞         100%        8
 Call Imp                 Summ           Unusable   N/A       N/A         2
 Summon Ice Beast         Ice/Summ       Unusable   N/A       N/A         3
 Martyr's Knell           Necr/Summ      Unusable   N/A       N/A         4
 Summon Forest            Summ/Tloc      Unusable   N/A       N/A         5
 Summon Mana Viper        Hex/Summ       Unusable   N/A       N/A         5
 Monstrous Menagerie      Summ           Unusable   N/A       N/A         7
 Summon Hydra             Summ           Unusable   N/A       N/A         7
 Dragon's Call            Summ           Unusable   N/A       N/A         9

Dungeon Overview and Level Annotations

Branches:
Dungeon (11/15)            Temple (1/1) D:5            Lair (5/5) D:11
  Swamp (3/4) Lair:2        Snake (0/4) Lair:2        Slime (0/5) Lair:4
    Orc (2/2) D:11            Elf (0/3) Orc:2         Sewer (visited)

Altars:
Ashenzari
Cheibriados
Dithmenos
Elyvilon
Fedhas
Gozag
Hepliaklqana
Kikubaaqudgha
Makhleb
Nemelex Xobeh
Okawaru
Qazlal
Ru
Sif Muna
Trog
Uskayaw
Vehumet
Wu Jian
Xom
Yredelemnul
Zin
The Shining One
Beogh

Shops:
D:1 :   D:6 :   Orc:2 ![=?(

Portals:
Trove: D:11 (give 14 scrolls of teleportation)

Annotations:
Lair:1 2 transporters


Innate Abilities, Weirdness & Mutations

You can wield a second weapon in your off-hand.
It takes a long time for you to wield or remove held weapons.
Your first few attacks do less damage.
You cannot equip rings or amulets.


Message History

The spriggan rider hits you but does no damage. x2
The swamp worm bites you. The spriggan closely misses you.
Unknown command.
The will-o-the-wisp gives a chilling moan.
The spriggan rider hits you from afar with a +0 spear!
The spriggan rider misses you.
The spriggan rider attacks as it pursues you!
The spriggan rider hits you from afar with a +0 spear!
The spriggan rider hits you with a +0 spear!
The swamp worm barely misses you. The spriggan attacks as it pursues you!
The spriggan hits you with a +0 dagger.
The spriggan rider hits you from afar with a +0 spear!
Unknown command.
You enter the shallow water.
Moving in this stuff is going to be slow.
The spriggan rider hits you from afar with a +0 spear!
The spriggan rider attacks as it pursues you!
The spriggan rider hits you from afar with a +0 spear!
The spriggan rider hits you from afar with a +0 spear!!
* * * LOW HITPOINT WARNING * * *
The spriggan rider attacks as it pursues you!
The spriggan rider misses you.
Unknown command.
A fenstrider witch comes into view.
The will-o-the-wisp gestures.
The will-o-the-wisp conjures some marshlight!
The swamp worm fires a harpoon shot at you.
The harpoon shot hits you!
* * * LOW HITPOINT WARNING * * *
You are yanked forward by the harpoon shot.
Splash! 2 foxfires come into view.
The spriggan rider hits you from afar with a +0 spear.
* * * LOW HITPOINT WARNING * * *
The spriggan rider closely misses you.
The spriggan rider attacks as it pursues you!
The spriggan rider closely misses you. The goliath frog closely misses you.
The swamp worm misses you.
The spriggan rider hits you from afar with a +0 spear!
You die...

~..~~ ♣~~.~~§~~
~..~.♣♣♣♣~.~...~~
.~~..~...<~~~..♣
♣...~~i..~~~..♣
♣~..~~~...~§.♣♣♣
♣..~.~~wi~~~~...
♣...iiF.i~§~<.~~
♣♣.~~~iw~~~.>.~~
♣.~~~@ii~~:..~~
♣.~~~~~~v~~~..~~
♣.~~~~~~~~v~~~~~
♣~~~~~~§§~v~~~~~
♣.~~~~~~>..§§.♣♣
♣.~~~~§~.~~~~~♣♣
♣.~~~~~~~.♣.§~~♣
♣~~~~~~..~♣♣~~§♣


You could see 4 spriggan riders, a spriggan druid, a goliath frog, a
will-o-the-wisp, 2 swamp worms and 3 spriggans.

Vanquished Creatures
  Gastronok (D:8)
  Donald (Swamp:2)
  The ghost of Kuust the Zephyrmancer, an adept OpAl of Gozag (Swamp:2)
  Roxanne (Swamp:1)
  An orc warlord (Orc:2)
  3 ghouls (Swamp:2)
  3 eleionomae
  2 bunyips
  Snorg (Lair:4)
  A fire dragon (Lair:5)
  A shambling mangrove (Swamp:2)
  4 hydras
  Erolcha (Orc:2)
  A spriggan air mage (Swamp:1)
  2 ogre magi (Orc:2)
  6 alligators
  Erica (D:9)
  2 two-headed ogres
  3 boulder beetles
  5 death yaks (Lair:5)
  7 spriggans
  Sonja (Lair:4)
  Nergalle (Lair:2)
  2 skysharks
  3 goliath frogs
  4 spriggan druids
  2 bog bodies
  3 lindwurms (Lair:5)
  3 obsidian bats
  5 will-o-the-wisps
  8 orc sorcerers
  An ugly thing (D:11)
  A salamander (Lair:2)
  2 wolf spiders (Lair:5)
  13 elephants
  A guardian serpent (Lair:5)
  4 kobold blastminers (Orc:1)
  4 black mambas (Lair:5)
  18 cane toads
  3 orange demons
  6 torpor snails (Lair:5)
  Maggie (D:8)
  10 komodo dragons
  4 rime drakes
  3 kobold demonologists (D:11)
  Psyche (D:8)
  An ice devil (D:11)
  2 guardian mummies (D:11)
  6 trolls
  7 tyrant leeches
  A bloated husk (Swamp:2)
  17 hornets
  A raiju (Orc:1)
  23 blink frogs
  2 wraiths (D:11)
  Sigmund (D:2)
  15 wyverns
  3 basilisks
  A fire bat (Orc:1)
  38 yaks
  3 steam dragons
  5 redbacks (Lair:5)
  10 vampire mosquitoes
  2 wargs
  8 swamp worms
  2 acid dragons
  17 water moccasins
  A hell hound (Orc:1)
  A sky beast (D:7)
  2 ice beasts
  A black bear (Lair:4)
  11 orc warriors
  12 ogres
  2 crocodiles (Sewer)
  27 wolves
  3 kobold brigands
  5 bullfrogs
  13 killer bees
  A howler monkey (D:4)
  3 electric eels (Lair:2)
  2 bombardier beetles (D:5)
  4 lava snakes (Lair:2)
  A quasit (D:11)
  5 hounds
  17 orc priests
  An iron imp (D:11)
  2 jellies
  2 gnoll boudas
  2 iguanas (D:7)
  33 orc wizards
  A scorpion zombie (D:3)
  A sickly merfolk siren (Sewer)
  A malarious merfolk avatar (Sewer)
  Robin (D:4)
  29 gnolls
  9 adders
  2 river rats
  3 white imps
  2 ufetubi (D:11)
  3 adder zombies (D:3)
  2 dart slugs
  51 orcs
  6 ball pythons
  5 bats
  7 endoplasms
  7 giant cockroaches
  22 goblins
  9 hobgoblins
  9 jackals
  3 quokkas
  10 frilled lizards
  18 kobolds
  31 rats
700 creatures vanquished.

Vanquished Creatures (collateral kills)
  An orc warrior (D:4)
1 creature vanquished.

Vanquished Creatures (others)
  6 foxfires (Swamp:2)
6 creatures vanquished.

Grand Total: 707 creatures vanquished

Notes
Turn   | Place    | Note
-------+----------+-------------------------------------------
     0 | D:1      | Biggs the Coglin Hunter began the quest for the Orb.
     0 | D:1      | Reached XP level 1. HP: 16/16 MP: 1/1
    90 | D:1      | Found Oseda's Vocational Training.
    99 | D:1      | Reached skill level 4 in Ranged Weapons
    99 | D:1      | Reached XP level 2. HP: 22/22 MP: 2/2
   215 | D:1      | Reached XP level 3. HP: 27/27 MP: 3/3
   558 | D:2      | Found a faded altar of an unknown god.
   577 | D:2      | Noticed Sigmund
   586 | D:2      | Killed Sigmund
   587 | D:2      | Reached skill level 6 in Ranged Weapons
   587 | D:2      | Reached XP level 4. HP: 21/33 MP: 4/4
   587 | D:2      | Reached XP level 5. HP: 25/38 MP: 5/5
   834 | D:2      | Reached XP level 6. HP: 44/44 MP: 6/6
  1156 | D:3      | Reached skill level 7 in Ranged Weapons
  1342 | D:3      | Found a burning altar of Makhleb.
  1475 | D:3      | Found a basalt altar of Yredelemnul.
  1621 | D:4      | Reached XP level 7. HP: 50/50 MP: 7/7
  1872 | D:4      | Noticed Robin
  1885 | D:4      | Killed Robin
  1886 | D:4      | Reached skill level 8 in Ranged Weapons
  2781 | D:5      | Entered Level 5 of the Dungeon
  2828 | D:5      | Reached XP level 8. HP: 38/56 MP: 8/8
  2934 | D:5      | Reached skill level 9 in Ranged Weapons
  3111 | D:5      | Found a staircase to the Ecumenical Temple.
  3144 | Temple   | Entered the Ecumenical Temple
  3151 | Temple   | Became a worshipper of Warmaster Okawaru
  3523 | D:6      | Found Inicobih's Self-Published Books.
  3550 | D:6      | Found a glowing drain.
  3595 | Sewer    | Entered a sewer
  4203 | D:6      | Found a blossoming altar of Fedhas.
  4212 | D:6      | Found a radiant altar of Vehumet.
  4212 | D:6      | Found a snail-covered altar of Cheibriados.
  4212 | D:6      | Found a shimmering altar of Xom.
  4214 | D:6      | Found an ornate altar of the Wu Jian Council.
  4215 | D:6      | Found a glowing golden altar of the Shining One.
  4217 | D:6      | Found a broken altar of Ashenzari.
  4279 | D:6      | Reached * piety under Okawaru
  4436 | D:6      | Reached skill level 5 in Fighting
  4441 | D:6      | Reached skill level 1 in Evocations
  4444 | D:6      | Reached XP level 9. HP: 44/68 MP: 9/9
  5124 | D:7      | Reached skill level 5 in Evocations
  5512 | D:7      | Reached skill level 10 in Ranged Weapons
  5963 | D:8      | Noticed a troll
  5973 | D:8      | Killed a troll
  5973 | D:8      | Reached ** piety under Okawaru
  6114 | D:8      | Noticed Psyche
  6120 | D:8      | Killed Psyche
  6121 | D:8      | Reached skill level 11 in Ranged Weapons
  6139 | D:8      | Noticed Gastronok
  6158 | D:8      | Killed Gastronok
  6158 | D:8      | Reached *** piety under Okawaru
  6159 | D:8      | Reached skill level 12 in Ranged Weapons
  6159 | D:8      | Reached XP level 10. HP: 74/74 MP: 10/10
  6260 | D:8      | Reached **** piety under Okawaru
  6537 | D:8      | Noticed Maggie
  6552 | D:8      | Killed Maggie
  6657 | D:9      | Noticed Erica
  6667 | D:9      | Killed Erica
  6667 | D:9      | Reached ***** piety under Okawaru
  6668 | D:9      | Reached skill level 13 in Ranged Weapons
  6691 | D:9      | Noticed a two-headed ogre
  6702 | D:9      | Killed a two-headed ogre
  6703 | D:9      | Reached XP level 11. HP: 56/79 MP: 11/11
  6939 | D:9      | Reached skill level 14 in Ranged Weapons
  7127 | D:9      | Received a gift from Okawaru
  7463 | D:10     | Entered Level 10 of the Dungeon
  7473 | D:10     | Noticed a boulder beetle
  7704 | D:10     | Found a hazy altar of Hepliaklqana.
  7842 | D:10     | Killed a boulder beetle
  8136 | D:10     | Found a bloodstained altar of Trog.
  8494 | D:10     | Reached skill level 5 in Dodging
  8806 | D:11     | Noticed a brown ugly thing
  8820 | D:11     | Killed a brown ugly thing
  8888 | D:11     | Found a staircase to the Lair.
  8928 | Lair:1   | Entered Level 1 of the Lair of Beasts
  9278 | Lair:1   | Received a gift from Okawaru
  9393 | Lair:1   | Reached XP level 12. HP: 89/89 MP: 12/12
  9404 | Lair:1   | Reached ****** piety under Okawaru
  9421 | Lair:1   | Acquired the +2 robe of Weightlessness {Fly rElec Regen+}
  9421 | Lair:1   | Received a gift from Okawaru
  9423 | Lair:1   | Acquired the +4 hand cannon "Fagoptub" {penet, ^Contam rF+
                  | Dex+5}
  9423 | Lair:1   | Received a gift from Okawaru
  9463 | Lair:1   | Found a transporter.
  9465 | Lair:1   | Found a transporter.
  9466 | Lair:1   | Noticed a boulder beetle
  9616 | Lair:1   | Received a gift from Okawaru
  9885 | Lair:2   | Noticed a skyshark
  9935 | Lair:2   | Noticed an eleionoma
  9937 | Lair:2   | Noticed Nergalle
  9984 | Lair:2   | Found a staircase to the Swamp.
 10131 | Lair:2   | Reached skill level 15 in Ranged Weapons
 10140 | Lair:2   | Received a gift from Okawaru
 10311 | Lair:2   | Killed a skyshark
 10428 | Lair:2   | Killed an eleionoma
 10466 | Lair:2   | Reached skill level 16 in Ranged Weapons
 10588 | Lair:2   | Found a staircase to the Snake Pit.
 10594 | Lair:2   | Reached XP level 13. HP: 101/101 MP: 13/13
 10687 | Lair:2   | Killed Nergalle
 11120 | Lair:3   | Received a gift from Okawaru
 11303 | Lair:3   | Reached skill level 17 in Ranged Weapons
 11587 | Lair:3   | Received a gift from Okawaru
 11891 | Lair:4   | Found a staircase to the Slime Pits.
 12079 | Lair:4   | Noticed Snorg
 12087 | Lair:4   | Killed Snorg
 12314 | Lair:4   | Noticed Sonja
 12321 | Lair:4   | Killed Sonja
 12323 | Lair:4   | Received a gift from Okawaru
 12527 | Lair:4   | Reached skill level 18 in Ranged Weapons
 12698 | Lair:5   | Entered Level 5 of the Lair of Beasts
 12707 | Lair:5   | Reached skill level 1 in Invocations
 12873 | Lair:5   | Received a gift from Okawaru
 12876 | Lair:5   | Reached XP level 14. HP: 96/108 MP: 17/17
 12879 | Lair:5   | Acquired a dynamic samoflange {rPois Regen+ RegenMP+ rCorr
                  | Slay+3}
 12985 | Lair:5   | Reached skill level 5 in Invocations
 13060 | Lair:5   | Received a gift from Okawaru
 13429 | Lair:5   | Received a gift from Okawaru
 13686 | Lair:5   | Reached skill level 10 in Fighting
 13769 | Lair:5   | Received a gift from Okawaru
 14269 | D:11     | Found a staircase to the Orcish Mines.
 14433 | D:11     | Found a portal to a secret trove of treasure.
 14891 | Orc:1    | Entered Level 1 of the Orcish Mines
 14896 | Orc:1    | Reached XP level 15. HP: 110/120 MP: 21/21
 14906 | Orc:1    | Received a gift from Okawaru
 14975 | Orc:2    | Entered Level 2 of the Orcish Mines
 14975 | Orc:2    | Found a staircase to the Elven Halls.
 14989 | Orc:2    | Found Gosisom's Distillery.
 15003 | Orc:2    | Bought a potion of haste for 140 gold pieces
 15003 | Orc:2    | Bought a potion of curing for 42 gold pieces
 15224 | Orc:2    | Found Ecriciha's Magic Scroll Boutique.
 15266 | Orc:2    | Bought a scroll of poison for 52 gold pieces
 15266 | Orc:2    | Bought a scroll of poison for 52 gold pieces
 15266 | Orc:2    | Bought a scroll of teleportation for 39 gold pieces
 15266 | Orc:2    | Bought a scroll of identify for 26 gold pieces
 15266 | Orc:2    | Bought a scroll of identify for 26 gold pieces
 15266 | Orc:2    | Bought a scroll of enchant weapon for 97 gold pieces
 15279 | Orc:2    | Found a radiant altar of Vehumet.
 15279 | Orc:2    | Noticed Erolcha
 15288 | Orc:2    | Killed Erolcha
 15317 | Orc:2    | Found Yttayseq's Antique Armour Boutique.
 15334 | Orc:2    | Found an ancient bone altar of Kikubaaqudgha.
 15415 | Orc:2    | Found a roughly hewn altar of Beogh.
 15426 | Orc:2    | Found Piakkoxt's Jewellery Shop.
 15431 | Orc:2    | Found Bacsit's Antique Weapon Shop.
 15896 | Orc:1    | Noticed an orc warlord
 15994 | Orc:2    | Killed an orc warlord
 16102 | Orc:1    | Found a shimmering altar of Xom.
 16118 | Orc:1    | Received a gift from Okawaru
 16295 | Orc:2    | Bought a talisman of death for 1200 gold pieces
 16476 | Swamp:1  | Entered Level 1 of the Swamp
 16632 | Swamp:1  | Noticed Roxanne
 16650 | Swamp:1  | Killed Roxanne
 16778 | Swamp:1  | Reached skill level 15 in Fighting
 16807 | Swamp:1  | Received a gift from Okawaru
 17129 | Swamp:2  | Noticed Donald
 17136 | Swamp:2  | Killed Donald
 17419 | Swamp:2  | Received a gift from Okawaru
 17469 | Swamp:2  | Reached XP level 16. HP: 136/136 MP: 22/22
 17877 | Swamp:2  | Reached skill level 10 in Dodging
 17949 | Swamp:2  | Found a runed translucent door.
 17952 | Swamp:2  | Noticed Kuust's ghost (adept OpAl)
 17952 | Swamp:2  | Identified the +9 spear of Might {freeze, rElec rC+ Will+
                  | MP+9}
 18018 | Swamp:2  | Killed Kuust's ghost
 18200 | Swamp:3  | Noticed a fenstrider witch
 18200 | Swamp:3  | Mangled by a spriggan rider

Illustrated notes

Levels and vault maps discovered:
D:1:      zelgadis_glass_arrival_small, layout_rooms, nicolae_shop_vocational
D:2:      layout_basic, dreamdust_ecumenical_altar_statues, uniq_sigmund
D:3:      layout_rooms, nicolae_yredelemnul_corpse_copse,
          mainiacjoe_overflow_cross_hatched
D:4:      layout_gridville, uniq_robin
D:5:      layout_cave_pools, minmay_temple_entry_glassed_door
D:6:      layout_loops_corners, minitemple, serial_glass, glass_columns_a,
          glass_columns_c, portal_sewer_entry_c, nicolae_custom_books,
          chequers_arboretum, chequers_jeans
D:7:      layout_loops_ring, uniq_crazy_yiuf_cottage
D:8:      layout_basic, uniq_psyche, uniq_maggie, uniq_gastronok
D:9:      layout_rooms, uniq_erica
D:10:     layout_loops_corners, mainiacjoe_overflow_chevrons,
          mainiacjoe_overflow_catwalk
D:11:     layout_grid_maze, erik_lair_orcish_takeover,
          minmay_orc_entry_guard_dogs, nicolae_trove_entry_path_of_doom,
          nicolae_demonic_statue_gallery
Temple:   chequers_temple_sunken
Lair:1:   gammafunk_boulding_lane, layout_regular_city, guppyfry_lair_drakes
Lair:2:   layout_gridlike, alex1729_swamp_entry_worm_eleionoma,
          nicolae_snake_entry_warm_welcome, chequers_serial_rivers_micro_d,
          infiniplex_staircase_pool, serial_bayou_shore_a, grunt_megastairs_3,
          uniq_nergalle
Lair:3:   layout_regular_city, serial_bayou_shore_b
Lair:4:   layout_regular_city, slime_entry_1, uniq_snorg, uniq_sonja
Lair:5:   hangedman_lair_tendril_chambers, layout_cave_pods, wormcave,
          nicolae_quartered_pool_impasse
Swamp:1:  layout_basic_swamp, evilmike_swamp_ruin_house_5,
          nicolae_swamp_some_circles, nicolae_swamp_decorative_isthmus,
          uniq_roxanne
Swamp:2:  layout_falls_marsh, ebering_ghost_funeral_grove,
          evilmike_swamp_ruin_house_4, uniq_donald
Swamp:3:  layout_basic_swamp, hangedman_swamp_ruin_hall
Orc:1:    layout_caves, regret_index_xom_of_box
Orc:2:    kennysheep_orc_mage_school, layout_diamond_mine, serial_shops, shop

Skill      XL: |  1  2  3  4  5  6  7  8  9 10 11 12 13 14 15 16 |
---------------+-------------------------------------------------+-----
Ranged Weapons | 4 6 7 8 9 12 13 14 16 18 | 18.0
Dodging        | 4 7 9 10 | 10.7
Fighting       | 5 6 9 12 15 | 15.2
Evocations     | 1 5 |  5.0
Invocations    | 4 8 |  8.0
Stealth        | |  0.7

Action                     |  1- 3 |  4- 6 |  7- 9 | 10-12 | 13-15 | 16-18 || total
---------------------------+-------+-------+-------+-------+-------+-------++-------
   Fire: Sling             |   114 |   258 |   858 |  1215 |   901 |    82 ||  3428
         Hand cannon       |       |       |       |   139 |   901 |    82 ||  1122
 Invoke: Receive Weapon    |       |       |       |     1 |       |       ||     1
         Receive Armour    |       |       |       |     1 |       |       ||     1
         Finesse           |       |       |       |       |     1 |     1 ||     2
Ability: Invent Gizmo      |       |       |       |       |     1 |       ||     1
  Evoke: Wand              |       |       |     7 |    18 |       |       ||    25
    Use: Scroll            |       |     4 |     8 |    15 |     7 |     4 ||    38
         Potion            |       |       |       |     1 |       |       ||     1
 Armour: Leather armour    |     7 |    27 |    93 |       |       |       ||   127
         Steam dragon scal |       |       |    16 |       |       |       ||    16
         Troll leather arm |       |       |     4 |   218 |   239 |    47 ||   508
         Robe              |       |       |       |       |       |     8 ||     8
  Dodge: Dodged            |     5 |    14 |    80 |   214 |   365 |    38 ||   716

Table legend: (Time is in decaauts)
 A = Elapsed time spent in this place.
 B = Non-inter-level travel time spent in this place.
 C = Inter-level travel time spent in this place.
 D = Time resting spent in this place.
 E = Time spent auto-exploring this place.
 F = Levels seen in this place.
 G = Mean time per level.
                   A        B        C        D        E       F      G
               +--------+--------+--------+--------+--------+-----+--------+
         Total |  18175 |  17113 |   1062 |    431 |  13329 |  23 |  790.2 |
       Dungeon |   9105 |   8691 |    414 |    334 |   6761 |  11 |  827.7 |
        Temple |     17 |      3 |     14 |      0 |      0 |   1 |   17.0 |
          Lair |   5289 |   5033 |    256 |      9 |   4047 |   5 | 1057.8 |
         Swamp |   1777 |   1689 |     88 |     50 |   1290 |   3 |  592.3 |
  Orcish Mines |   1504 |   1215 |    289 |     38 |    872 |   2 |  752.0 |
         Sewer |    481 |    481 |      0 |      0 |    359 |   1 |  481.0 |
               +--------+--------+--------+--------+--------+-----+--------+

Top non-repeatable levels by time:
  Lair:5: 1452 daAuts
     D:4: 1168 daAuts
     D:6: 1122 daAuts
 Swamp:2: 1098 daAuts
  Lair:1: 1066 daAuts
  Lair:2: 1019 daAuts
    D:10: 1016 daAuts
    D:11: 1011 daAuts
   Orc:2: 996 daAuts
  Lair:4: 905 daAuts
     D:7: 894 daAuts
  Lair:3: 845 daAuts
     D:9: 812 daAuts
     D:8: 741 daAuts
     D:5: 698 daAuts
